 Dungeon Crawl Stone Soup version 0.17-a0-1046-ga09e34d (webtiles) character file.

47 RobertPalmer the Slasher (level 3, -2/34 HPs)
             Began as a Naga Chaos Knight on May 15, 2015.
             Slain by Terence the worker ant (6 damage)
             ... on level 2 of the Dungeon.
             The game lasted 00:02:40 (1273 turns).

RobertPalmer the Slasher (Naga Chaos Knight)        Turns: 1273, Time: 00:02:40

Health: -2/34      AC:  4    Str: 14    XL:     3   Next: 70%
Magic:  3/3        EV:  9    Int: 18    God:    Xom [..*...]
Gold:   25         SH:  0    Dex: 10    Spells: 0 memorised, 2 levels left

rFire  . . .     SeeInvis +     a - +0 falchion (chaos)
rCold  . . .     Rnd*Rage +     b - +2 leather armour
rNeg   + . .     SustAb   .     (no shield)
rPois  +         Gourm    .     (helmet restricted)
rElec  .         Spirit   .     (no cloak)
rCorr  .         Warding  .     (no gloves)
rMut   .         Stasis   .     (no barding)
MR     .....                    (no amulet)
Stlth  ..........               (no ring)
                                m - ring of positive energy {rN+}

@: confused, brilliant, very slow, not resistant to hostile enchantments,
extremely unstealthy
A: horns 1, see invisible, berserk 1, deformed body, poison resistance, slowness
2, slow metabolism 1, spit poison 2, MP-powered wands, AC +1
a: Spit Poison, Renounce Religion


You were on level 2 of the Dungeon.
You worshipped Xom.
You were a toy of Xom.
You were not hungry.

You visited 1 branch of the dungeon, and saw 2 of its levels.

You collected 25 gold pieces.

Inventory:

Hand weapons
 a - a +0 falchion of chaos (weapon)
Armour
 b - a +2 leather armour (worn)
 i - a +0 ring mail of fire resistance
   (You found it on level 1 of the Dungeon)
Jewellery
 m - a ring of positive energy (left hand) {rN+}
   (You found it on level 2 of the Dungeon)
Scrolls
 e - a scroll of recharging
 j - a scroll of random uselessness {unknown}
Comestibles
 c - a bread ration {@e1}
 d - a chunk of flesh {@w0}


   Skills:
 - Level 3.0 Fighting
 + Level 4.5 Long Blades
 - Level 1.5 Armour
 - Level 0.7 Dodging


You had 2 spell levels left.
You didn't know any spells.

Dungeon Overview and Level Annotations

Branches:
Dungeon (2/15)

Altars:

Annotations:
D:2 Terence


Innate Abilities, Weirdness & Mutations

You cannot wear boots.
Your serpentine skin is tough (AC +1).
You have supernaturally acute eyesight.
Armour fits poorly on your strangely shaped body.
Your system is resistant to poisons.
You cover ground very slowly.
You have a slow metabolism.
You can spit poison.
You have a pair of small horns on your head.
You tend to lose your temper in combat.
You expend magic power (3 MP) to strengthen your wands.


Message History

You're too confused!
You bump into the rock wall.
Terence zaps a wand.
You are more confused.
Unknown command.
You hit Terence but do no damage. You headbutt Terence, but do no damage.
Terence zaps a wand.
You are more confused.
A worm comes into view.
Unknown command.
Unknown command.
You're too confused to move!
Terence zaps a wand.
You are more confused.
Unknown command.
Unknown command.
You're too confused to move!
Terence zaps a wand.
You resist with some effort.
Unknown command.
You hit Terence. Terence hits you with a flail.
You take 2 damage, and have 24/34 hp.
You bump into the rock wall.
Terence zaps a wand.
You resist with some effort.
You bump into the rock wall.
Terence zaps a wand.
You resist with some effort.
You bump into the rock wall.
Xom grants you a minor favour.
You feel clever all of a sudden.
Terence zaps a wand.
You resist with some effort.
Terence zaps a wand.
You are more confused.
Unknown command.
You bump into the rock wall.
Terence zaps a wand.
You resist with some effort.
Terence zaps a wand.
You are more confused.
Terence hits you with a flail! The worm bites you.
You take 12 damage, and have 13/34 hp.
MASSIVE DAMAGE!!
You bump into the rock wall.
Terence barely misses you.
You bump into the rock wall.
Terence zaps a wand.
You are more confused.
The worm bites you.
You bump into the rock wall.
Terence zaps a wand.
You resist with some effort. The worm bites you!
* * * LOW HITPOINT WARNING * * *
You emit a cloud of colourful smoke!
A ball python comes into view.
You take 11 damage, and have 2/34 hp.
MASSIVE DAMAGE!!
Terence zaps a wand.
You resist with some effort.
Unknown command.
You bump into the rock wall.
Terence closely misses you.
Unknown command.
You bump into the rock wall.
Terence zaps a wand.
You resist with some effort.
A hobgoblin comes into view.
You bump into the rock wall.
Terence zaps a wand.
You resist with some effort.
You closely miss Terence. Terence barely misses you.
Unknown command.
You're too confused to move!
Terence zaps a wand.
You are more confused.
You bump into the rock wall.
Terence zaps a wand.
You resist with some effort.
You barely miss Terence.
Terence zaps a wand.
You are more confused.
You bump into the rock wall.
Terence zaps a wand.
You resist with some effort.
You bump into the rock wall.
The hobgoblin hits you but does no damage.
Terence zaps a wand.
You are more confused.
You bump into the rock wall.
The hobgoblin hits you but does no damage.
Terence zaps a wand.
You resist with some effort.
You bump into the rock wall.
The hobgoblin closely misses you. Terence hits you but does no damage.
Unknown command.
You hit Terence but do no damage.
Terence evaporates and reforms as a worker ant!
The hobgoblin hits you but does no damage.
Terence bites you.
You die...
Xom chortles!

###### .
#@aSw######....
#g##ยง...........
#.####.######...
..........#####..
..............# .##
#.#.#.##...###.# ..#
#.#.#. #...###.###.#
#.#.#.##............
#.#.......#.#


You could see a worm, Terence the worker ant, a hobgoblin and a ball python.

Vanquished Creatures
  An adder (D:2)
  An ooze (D:1)
  2 giant geckos (D:1)
  3 bats
  A hobgoblin (D:2)
  7 kobolds
  4 giant cockroaches (D:1)
  12 giant newts (D:1)
  4 rats (D:1)
35 creatures vanquished.

Vanquished Creatures (collateral kills)
  A bat (D:1)
1 creature vanquished.

Grand Total: 36 creatures vanquished

Notes
Turn   | Place    | Note
--------------------------------------------------------------
     0 | D:1      | RobertPalmer the Naga Chaos Knight began the quest for the Orb.
     0 | D:1      | Reached XP level 1. HP: 21/21 MP: 1/1
    29 | D:1      | XOM: potion effect (agility)
    75 | D:1      | XOM: harmless Divn miscast
   328 | D:1      | Reached XP level 2. HP: 17/28 MP: 2/2
   341 | D:1      | XOM: mild Trmt miscast
   380 | D:1      | XOM is BORED!
   380 | D:1      | XOM: harmless Summ miscast
   589 | D:1      | Reached skill level 4 in Long Blades
   699 | D:1      | Reached XP level 3. HP: 32/34 MP: 3/3
   765 | D:1      | XOM: harmless Air miscast
   827 | D:1      | XOM: divination: detect creatures
   889 | D:1      | XOM: harmless Trmt miscast
  1051 | D:1      | XOM: divination: detect creatures
  1214 | D:2      | XOM: harmless Conj miscast
  1229 | D:2      | Noticed Terence
  1230 | D:2      | Gained mutation: You have a pair of small horns on your head. [potion of mutation]
  1230 | D:2      | Gained mutation: You tend to lose your temper in combat. [potion of mutation]
  1230 | D:2      | Gained mutation: You expend magic power (3 MP) to strengthen your wands. [potion of mutation]
  1252 | D:2      | XOM: potion effect (brilliance)
  1259 | D:2      | HP: 2/34 [worm (9)]
  1259 | D:2      | XOM: smoke on damage
  1273 | D:2      | Noticed Terence
  1273 | D:2      | Terence changed into Terence the worker ant
  1273 | D:2      | Slain by Terence the worker ant

Vault maps used:
D:1:      dpeg_arrival_rooms_b, st_stairs_3, minmay_lizard_king
D:2:      uniq_terence

Action                   || total
-------------------------++-------
Melee: Falchion          ||   121
  Use: Scroll            ||     5
       Potion            ||     4
  Eat: Chunk             ||     1

Vault maps used:
D:1:      dpeg_arrival_rooms_b, st_stairs_3, minmay_lizard_king
D:2:      uniq_terence

Table legend:
 A = Turns spent in this place as a percentage of turns spent in the entire game.
 B = Non-inter-level travel turns spent in this place as a percentage of non-inter-level travel turns spent in the entire game.
 C = Inter-level travel turns spent in this place as a percentage of turns spent in this place.
 D = Turns resting spent in this place as a percentage of non-inter-level travel turns spent in this place.
 E = Turns spent auto-exploring this place as a percentage of non-inter-level travel turns spent in this place.
 F = Non-inter-level travel turns spent in this place divided by the number of levels of this place that you've seen.
                   A       B       C       D       E      F
               +-------+-------+-------+-------+-------+----------------------
         Total | 100.0 | 100.0 |   0.7 |   1.7 |  11.8 | 229.0
       Dungeon | 100.0 | 100.0 |   0.7 |   1.7 |  11.8 | 229.0
               +-------+-------+-------+-------+-------+----------------------

Table legend:
 A = Kills in this place as a percentage of kills in entire the game.
 B = Kills by you in this place as a percentage of kills by you in the entire game.
 C = Kills by friends in this place as a percentage of kills by friends in the entire game.
 D = Other kills in this place as a percentage of other kills in the entire game.
 E = Experience gained in this place as a percentage of experience gained in the entire game.
 F = Experience gained in this place divided by the number of levels of this place that you have seen.
                   A       B       C       D       E      F
               +-------+-------+-------+-------+-------+----------------------
         Total | 100.0 | 100.0 | 100.0 |  -nan | 100.0 |  34.0
       Dungeon | 100.0 | 100.0 | 100.0 |  -nan | 100.0 |  34.0
               +-------+-------+-------+-------+-------+----------------------
